 Dungeon Crawl Stone Soup version 0.19-b1-4-gd8a0a2a (webtiles) character file.

85492 Eligius the Severer (level 15, -3/107 HPs)
             Began as a Minotaur Fighter on Oct 29, 2016.
             Was a High Priest of Okawaru.
             Killed from afar by syranez's ghost (11 damage)
             ... with a bolt of negative energy
             ... on level 13 of the Dungeon on Oct 30, 2016.
             The game lasted 03:34:25 (28553 turns).

Eligius the Severer (Minotaur Fighter)             Turns: 28553, Time: 03:34:25

Health: -3/107     AC: 26    Str: 24 (27) XL:     15   Next: 38%
Magic:  0/23       EV:  5    Int:  8      God:    Okawaru [*****.]
Gold:   2025       SH: 18    Dex: 15      Spells: 0 memorised, 14 levels left

rFire  . . .     SeeInvis .     m - +3 broad axe (elec)
rCold  . . .     Gourm    .     T - +0 plate armour
rNeg   . . .     Faith    .     M - +0 large shield
rPois  +         Spirit   +     Y - +1 hat {Int+3}
rElec  .         Reflect  .     b - +1 cloak {rPois}
rCorr  .         Harm     .     u - +2 pair of gloves {Dex+3}
MR     +....                    B - +0 pair of boots
Stlth  ..........               i - amulet of guardian spirit
                                c - ring of magical power
                                g - +2 ring of dexterity

@: heavily drained
A: retaliatory headbutt, claws 1, horns 2, deterioration 1
a: Heroism, Finesse, Renounce Religion


You were on level 13 of the Dungeon.
You worshipped Okawaru.
Okawaru was extremely pleased with you.
You were hungry.

You visited 4 branches of the dungeon, and saw 22 of its levels.

You collected 2175 gold pieces.
You spent 150 gold pieces at shops.

Inventory:

Hand Weapons
 m - a +3 broad axe of electrocution (weapon)
 I - a +3 war axe of flaming
 J - a +3 morningstar
Armour
 b - a +1 cloak of poison resistance (worn)
 u - a +2 pair of gloves of dexterity (worn)
 B - a +0 pair of boots (worn)
 M - a +0 large shield (worn)
 T - a +0 plate armour (worn)
 Y - a +1 hat of intelligence (worn)
Jewellery
 c - a ring of magical power (right hand)
 g - a +2 ring of dexterity (left hand)
 i - an amulet of guardian spirit (around neck)
Wands
 e - a wand of teleportation (3/9)
 j - a wand of paralysis (4/24)
 G - a wand of lightning (6/15)
 P - a wand of polymorph (2/24)
 Q - a wand of digging (14/24)
Scrolls
 k - 2 scrolls of fog {unknown}
 o - 5 scrolls of magic mapping {unknown}
 p - 10 scrolls of teleportation
 q - 7 scrolls of remove curse
 r - 4 scrolls of noise {unknown}
 s - 3 scrolls of random uselessness {unknown}
 t - a scroll of amnesia {unknown}
 v - 2 scrolls of enchant armour {unknown}
 w - 4 scrolls of recharging {unknown}
 y - a scroll of silence {unknown}
 H - a scroll of identify
 L - a scroll of enchant weapon {unknown}
 W - a scroll of immolation {unknown}
Potions
 a - a potion of cancellation {unknown}
 d - 2 potions of might
 l - a potion of curing
 n - 7 potions of flight
 x - 5 potions of agility
 z - 2 potions of magic
 A - a potion of brilliance {unknown}
 R - 2 potions of lignification {unknown}
 S - 2 potions of ambrosia {unknown}
 U - 2 potions of resistance {unknown}
Books
 D - a book of Maledictions

   Spells                             Type                      Level
   a - Corona                         Hexes                        1
   b - Ensorcelled Hibernation        Hexes/Ice                    2
   c - Confuse                        Hexes                        3
   d - Tukima's Dance                 Hexes                        3
   e - Dazzling Spray                 Conjuration/Hexes            3
Comestibles
 f - 7 bread rations
 C - 8 meat rations
 E - 4 chunks of flesh
 F - 3 slices of pizza
 O - 4 beef jerkies


   Skills:
 - Level 3.6(1.1) Fighting
 * Level 20.0(16.3) Axes
 * Level 19.5(15.8) Armour
 - Level 0.4(0.0) Dodging
 - Level 0.6(0.0) Stealth
 - Level 14.0(10.7) Shields
 - Level 0.2(0.0) Invocations


You had 14 spell levels left.
You didn't know any spells.

Dungeon Overview and Level Annotations

Branches:
Dungeon (13/15)            Temple (1/1) D:6            Lair (6/6) D:11
  Swamp (0/4) Lair:2       Spider (0/4) Lair:3        Slime (0/5) Lair:5
    Orc (2/2) D:11            Elf (0/3) Orc:2
 Vaults: D:13-14

Altars:
Ashenzari
Cheibriados
Dithmenos
Elyvilon
Fedhas
Gozag
Hepliaklqana
Kikubaaqudgha
Makhleb
Nemelex Xobeh
Okawaru
Qazlal
Ru
Sif Muna
Trog
Uskayaw
Vehumet
Xom
Yredelemnul
Zin
The Shining One

Shops:
D:6 *   D:11 [   Orc:2 %:*[

Annotations:
D:13 syranez's ghost, adept DrBe


Innate Abilities, Weirdness & Mutations

You reflexively headbutt those who attack you in melee.
You have a pair of horns on your head.
You have sharp fingernails.
Your body sometimes deteriorates upon taking damage.


Message History

Press: ? - help, Shift-Dir - straight line, f - syranez's ghost
Aim: syranez's ghost, wielding a weapon of electrocution (heavily damaged, chance to defeat MR: 0%) Syranez's ghost resists with almost no effort.
Evoking this partially-identified wand wasted a few charges.
Syranez's ghost hits you!
* * * LOW HITPOINT WARNING * * *
Zapping:
P - a wand of polymorph (2/24)
Press: ? - help, Shift-Dir - straight line, f/p - syranez's ghost
Aim: syranez's ghost, wielding a weapon of electrocution (heavily damaged, chance to defeat MR: 0%)
Okay, then.
You are feeling hungry.
Syranez's ghost mumbles, "They all look like pillowcases to me..."
Syranez's ghost breathes negative energy at you.
The bolt of negative energy misses you.
Syranez's ghost breathes negative energy at you.
The bolt of negative energy misses you.
Syranez's ghost wails.
Syranez's ghost breathes negative energy at you.
The bolt of negative energy hits you!
You feel drained.
You die...

#.###.#รท..................#. #
#.# #.#..#..#..#.#####.#.... #.
#.# #.#..#..#..#.#####.#..##
#.##.###.......................
#...............W.#.#####.#..##
###..###.....................?
#..# #....#.......###........
#..###....#..##..............
###...........@................
#.............<......##......#.
#.#..###....####...............
#.#..# #....# #.....##......#.
# #..# #....# #..#.#..........
#..###....####...............
#..##.............#.#..#....<
...........###..#.#.#..#.....
..##......# #..#.#.#..#.....


You could see syranez's ghost.

Vanquished Creatures
  Rupert (Orc:2)
  Gastronok (Lair:1)
  The ghost of nikopol the Severer, a journeyman MiBe of Trog (D:13)
  A very ugly thing (D:12)
  Azrael (D:13)
  A fire dragon (Lair:6)
  Josephine (D:11)
  2 catoblepae (Lair:4)
  10 hydras
  A centaur warrior (D:9)
  Erica (Lair:2)
  8 death yaks
  4 orc high priests
  The ghost of p0werm0de the Cleaver, a journeyman SpMo of Dithmenos (Orc:2)
  Nergalle (D:11)
  A fire crab (Lair:6)
  2 wizards (D:12)
  2 unseen horrors
  3 hill giants
  5 orc knights (Orc:2)
  4 orc sorcerers
  6 ugly things (D:12)
  2 cyclopes (D:11)
  A shining eye (Lair:5)
  A centaur zombie (D:12)
  12 elephants
  9 black mambas
  3 molten gargoyles (Lair:6)
  A gargoyle (D:8)
  The ghost of Eligius the Cleaver, a novice MiCK of Xom (D:6)
  The ghost of HopefulHyena the Covert, a novice FeMo (D:7)
  9 spiny frogs
  2 kobold demonologists (D:11)
  An efreet (D:13)
  14 komodo dragons
  A polar bear (Lair:5)
  A merfolk (D:12)
  2 trolls
  The ghost of tv1990 the Skirmisher, an amateur FoMo (D:8)
  4 two-headed ogres
  13 blink frogs
  Grinder (D:5)
  10 slime creatures (D:12)
  6 hippogriffs
  2 dream sheep (Lair:6)
  3 redbacks
  A water elemental (D:13)
  Eustachio (D:6)
  2 wyverns
  A tarantella (Orc:2)
  5 wraiths
  3 hungry ghosts
  7 basilisks
  33 yaks
  5 fire elementals (D:13)
  2 steam dragons
  4 vampire mosquitoes (D:13)
  2 wargs (Orc:1)
  A mottled dragon (D:12)
  Edmund (D:4)
  A swamp drake (Lair:3)
  8 hell hounds
  4 porcupines
  2 soldier ants
  17 water moccasins
  4 ice beasts
  2 sky beasts
  3 phantoms
  A necrophage (D:8)
  20 orc warriors
  3 wolves (Lair:2)
  10 ogres
  2 centaurs
  11 crocodiles
  4 big kobolds
  17 bullfrogs
  A scorpion (D:9)
  A water moccasin skeleton (D:11)
  23 killer bees
  10 wights
  3 howler monkeys
  3 electric eels (D:13)
  4 crimson imps
  5 lava snakes (Lair:6)
  6 hounds
  7 centaur skeletons
  2 bullfrog skeletons
  A gnoll shaman (D:4)
  20 orc priests
  5 jellies
  27 orc wizards
  Terence (D:2)
  2 iguanas
  4 worker ants
  A killer bee zombie (D:9)
  A hound zombie (D:6)
  A hound skeleton (D:9)
  A mummy (D:6)
  7 gnolls
  A howler monkey skeleton (D:8)
  13 adders
  5 shadow imps
  3 oozes (Lair:5)
  3 adder skeletons
  An adder zombie (D:5)
  3 worms
  2 dart slugs (D:2)
  4 leopard geckos
  74 orcs
  14 bats
  4 giant cockroaches
  7 goblins
  8 hobgoblins
  18 jackals
  5 quokkas
  10 frilled lizards
  2 hobgoblin zombies (D:6)
  34 kobolds
  2 orc zombies (D:6)
  A quokka skeleton (D:7)
  13 rats
  4 fungi
  2 plants (Lair:3)
705 creatures vanquished.

Vanquished Creatures (others)
  2 blink frogs (Lair:5)
  2 orc priests (Orc:2)
  2 orcs
  A bush (Lair:6)
  16 fungi
  8 plants
31 creatures vanquished.

Grand Total: 736 creatures vanquished

Notes
Turn   | Place    | Note
-------+----------+-------------------------------------------
     0 | D:1      | Eligius the Minotaur Fighter began the quest for the Orb.
     0 | D:1      | Reached XP level 1. HP: 19/19 MP: 0/0
    59 | D:1      | Reached skill level 3 in Axes
    67 | D:1      | Reached XP level 2. HP: 22/26 MP: 1/1
   149 | D:1      | Found a sparkling altar of Nemelex Xobeh.
   495 | D:1      | Reached XP level 3. HP: 31/31 MP: 0/2
   742 | D:1      | Reached skill level 4 in Axes
  1305 | D:2      | Noticed Terence
  1324 | D:2      | Killed Terence
  1324 | D:2      | Reached skill level 5 in Axes
  1324 | D:2      | Reached XP level 4. HP: 29/39 MP: 1/3
  2275 | D:3      | Found a shattered altar of Ashenzari.
  2476 | D:3      | Noticed a hungry ghost
  2492 | D:3      | Paralysed by fainting for 8 turns
  2505 | D:3      | Paralysed by fainting for 7 turns
  2524 | D:3      | Paralysed by fainting for 11 turns
  2548 | D:3      | Paralysed by fainting for 10 turns
  2559 | D:3      | Killed a hungry ghost
  2559 | D:3      | Reached skill level 7 in Axes
  2559 | D:3      | Reached XP level 5. HP: 18/45 MP: 4/4
  2559 | D:3      | Reached XP level 6. HP: 20/51 MP: 5/5
  2848 | D:3      | Found an iron altar of Okawaru.
  2865 | D:3      | Became a worshipper of Warmaster Okawaru
  3105 | D:4      | Reached skill level 8 in Axes
  3344 | D:4      | Reached * piety under Okawaru
  3344 | D:4      | Reached skill level 9 in Axes
  3344 | D:4      | Reached XP level 7. HP: 41/57 MP: 4/6
  3746 | D:4      | Noticed Edmund
  3756 | D:4      | Killed Edmund
  3914 | D:4      | Reached skill level 10 in Axes
  4179 | D:5      | Entered Level 5 of the Dungeon
  4315 | D:5      | Reached ** piety under Okawaru
  4335 | D:5      | Reached skill level 5 in Armour
  4335 | D:5      | Reached XP level 8. HP: 55/64 MP: 7/7
  4396 | D:5      | Reached skill level 5 in Shields
  4584 | D:5      | Noticed Grinder
  4621 | D:5      | Killed Grinder
  5040 | D:6      | Found a sparkling altar of Nemelex Xobeh.
  5099 | D:6      | Noticed Eustachio
  5115 | D:6      | Killed Eustachio
  5263 | D:6      | Found a radiant altar of Vehumet.
  5371 | D:6      | Found Foer's General Store.
  5380 | D:6      | Bought a scroll of remove curse for 45 gold pieces
  5498 | D:6      | Noticed Eligius's ghost (novice MiCK)
  5526 | D:6      | Killed Eligius's ghost
  5526 | D:6      | Reached *** piety under Okawaru
  5526 | D:6      | Reached XP level 9. HP: 46/70 MP: 4/8
  5648 | D:6      | Found a staircase to the Ecumenical Temple.
  5653 | Temple   | Entered the Ecumenical Temple
  5886 | D:6      | Found a bloodstained altar of Trog.
  6188 | D:7      | Noticed HopefulHyena's ghost (novice FeMo)
  6257 | D:7      | Killed HopefulHyena's ghost
  6547 | D:7      | Found a stormy altar of Qazlal.
  6593 | D:7      | Found a deep blue altar of Sif Muna.
  6950 | D:7      | Reached skill level 10 in Shields
  6973 | D:7      | Reached **** piety under Okawaru
  7539 | D:8      | Noticed tv1990's ghost (amateur FoMo)
  7548 | D:8      | Killed tv1990's ghost
  7548 | D:8      | Reached XP level 10. HP: 77/77 MP: 9/9
  7584 | D:8      | Noticed a gargoyle
  7970 | D:9      | Reached skill level 10 in Armour
  8199 | D:9      | Found a hazy altar of Hepliaklqana.
  8280 | D:9      | Reached ***** piety under Okawaru
  8792 | D:9      | Noticed a centaur warrior
  8805 | D:9      | Killed a centaur warrior
  8978 | D:10     | Entered Level 10 of the Dungeon
  9214 | D:10     | Killed an unseen horror
  9214 | D:10     | Received a gift from Okawaru
  9670 | D:10     | Reached XP level 11. HP: 79/82 MP: 10/10
  9921 | D:10     | Noticed a hill giant
  9930 | D:10     | Killed a hill giant
 10270 | D:11     | Noticed a hill giant
 10280 | D:11     | Killed a hill giant
 10475 | D:11     | Found a staircase to the Orcish Mines.
 10476 | D:11     | Found Jyddej's Armour Shop.
 10479 | D:11     | Noticed Josephine
 10480 | D:11     | Noticed a six-headed hydra
 10491 | D:11     | Killed a six-headed hydra
 10504 | D:11     | Killed Josephine
 10539 | D:11     | Noticed Nergalle
 10553 | D:11     | Killed Nergalle
 10553 | D:11     | Reached skill level 11 in Axes
 11069 | D:11     | Noticed a soul eater
 11167 | D:11     | Found a staircase to the Lair.
 11548 | D:11     | Received a gift from Okawaru
 11940 | Lair:1   | Entered Level 1 of the Lair of Beasts
 11990 | Lair:1   | Noticed Gastronok
 12020 | Lair:1   | Killed Gastronok
 12020 | Lair:1   | Reached skill level 12 in Axes
 12020 | Lair:1   | Reached XP level 12. HP: 49/90 MP: 11/11
 12829 | Lair:2   | Reached skill level 13 in Axes
 12908 | Lair:2   | Noticed a five-headed hydra
 12919 | Lair:2   | Killed a five-headed hydra
 12929 | Lair:2   | Noticed a five-headed hydra
 12937 | Lair:2   | Noticed Erica
 12938 | Lair:2   | Killed a five-headed hydra
 12947 | Lair:2   | Killed Erica
 13083 | Lair:2   | Reached skill level 14 in Axes
 13314 | Lair:2   | Found a staircase to the Swamp.
 13831 | Lair:2   | Upgraded the game from 0.19-b1-3-g7dea586 to 0.19-b1-4-gd8a0a2a
 13927 | Lair:3   | Found a hole to the Spider Nest.
 13958 | Lair:3   | Noticed a five-headed hydra
 13966 | Lair:3   | Killed a five-headed hydra
 14303 | Lair:3   | Reached skill level 15 in Axes
 14390 | Lair:3   | Reached skill level 15 in Armour
 14528 | Lair:3   | Received a gift from Okawaru
 15021 | Lair:4   | Noticed a catoblepas
 15055 | Lair:4   | Killed a catoblepas
 15211 | Lair:4   | Noticed a catoblepas
 15238 | Lair:4   | Killed a catoblepas
 15291 | Lair:4   | Reached XP level 13. HP: 92/95 MP: 12/12
 16143 | Lair:4   | Noticed Sonja
 16622 | Lair:4   | Noticed Sonja
 16622 | Lair:4   | Sonja changed into Sonja the crocodile
 16629 | Lair:4   | Killed Sonja the crocodile
 16963 | Lair:4   | Reached skill level 16 in Axes
 17351 | Lair:5   | Received a gift from Okawaru
 18147 | Lair:5   | Found a staircase to the Slime Pits.
 18414 | Lair:5   | Gained mutation: Your body sometimes deteriorates upon taking damage. [a shining eye]
 18428 | Lair:5   | Gained mutation: You have sharp fingernails. [a shining eye]
 18604 | Lair:6   | Entered Level 6 of the Lair of Beasts
 18615 | Lair:6   | Reached skill level 17 in Axes
 18729 | Lair:6   | Reached ****** piety under Okawaru
 18778 | Lair:6   | Received a gift from Okawaru
 18943 | Lair:5   | Reached XP level 14. HP: 44/102 MP: 13/13
 20110 | Lair:6   | Reached skill level 18 in Axes
 20283 | Lair:6   | Got an ichor-stained scale mail
 20335 | Lair:6   | Received a gift from Okawaru
 20889 | Lair:6   | Found a large runed door.
 20890 | Lair:6   | Found a large runed door.
 21135 | Lair:6   | Identified the +0 scale mail "Godghoali" {rN+} (You found it on level 6 of the Lair of Beasts)
 21954 | D:8      | Got a blackened leather armour
 21967 | D:8      | Identified the cursed +0 leather armour of Untruth {MR- Str+4 Stlth+} (You found it on level 8 of the Dungeon)
 21978 | D:8      | Got a ruby-encrusted leather armour
 21984 | D:8      | Identified the +1 leather armour of the Six Planets {Int+4} (You found it on level 8 of the Dungeon)
 22241 | Orc:1    | Entered Level 1 of the Orcish Mines
 22552 | Orc:2    | Entered Level 2 of the Orcish Mines
 22552 | Orc:2    | Noticed p0werm0de's ghost (journeyman SpMo)
 22626 | Orc:2    | Killed p0werm0de's ghost
 22883 | Orc:2    | Found a staircase to the Elven Halls.
 23045 | Orc:2    | Noticed Rupert
 23075 | Orc:2    | Paralysed by Rupert for 4 turns
 23093 | Orc:2    | Killed Rupert
 23247 | Orc:2    | Noticed Nessos
 23264 | Orc:2    | Noticed Nessos
 23264 | Orc:2    | Nessos changed into Nessos the tarantella
 23277 | Orc:2    | Killed Nessos the tarantella
 23639 | Orc:2    | Received a gift from Okawaru
 23879 | Orc:2    | Reached skill level 19 in Axes
 24093 | Orc:2    | Found Xefec's Armour Boutique.
 24093 | Orc:2    | Found Itoman's General Store.
 24095 | Orc:2    | Found Tohyasme's Book Boutique.
 24095 | Orc:2    | Found Vaugedes's Food Shoppe.
 24117 | Orc:2    | Bought a potion of heal wounds for 75 gold pieces
 24150 | Orc:2    | Bought a scroll of identify for 30 gold pieces
 25140 | Orc:1    | Paralysed by an orc sorcerer for 3 turns
 25401 | Orc:1    | You fall through a shaft!
 25811 | D:12     | Reached XP level 15. HP: 93/107 MP: 14/14
 27304 | D:13     | Noticed Azrael
 27338 | D:13     | Killed Azrael
 27735 | D:13     | Noticed nikopol's ghost (journeyman MiBe)
 27759 | D:13     | Killed nikopol's ghost
 28066 | D:13     | Reached skill level 20 in Axes
 28504 | D:13     | Noticed syranez's ghost (adept DrBe)
 28536 | D:13     | HP: 4/107 [syranez's ghost (15)]
 28553 | D:13     | Killed from afar by syranez's ghost

Skill      XL: |  1  2  3  4  5  6  7  8  9 10 11 12 13 14 15 |
---------------+----------------------------------------------+-----
Axes           | 3 5 7 9 10 12 15 17 19 20 | 20.0
Armour         | 5 7 9 11 14 15 16 19 | 19.5
Shields        | 4 7 11 13 14 | 14.0
Fighting       | |  3.6
Dodging        | |  0.4
Stealth        | |  0.6
Invocations    | |  0.2

Action                   |  1- 3 |  4- 6 |  7- 9 | 10-12 | 13-15 || total
-------------------------+-------+-------+-------+-------+-------++-------
Melee: War axe           |   113 |   185 |   458 |   790 |   232 ||  1778
       Headbutt          |    15 |    27 |    66 |   243 |   325 ||   676
       Morningstar       |       |       |       |    86 |   171 ||   257
       Broad axe         |       |       |       |       |   829 ||   829
Invok: Heroism           |       |       |     8 |    19 |    37 ||    64
Evoke: Wand              |       |       |       |       |     6 ||     6
  Use: Potion            |     1 |       |     1 |     1 |    14 ||    17
       Scroll            |       |       |     1 |     9 |     6 ||    16
  Eat: Chunk             |     1 |    13 |     9 |    15 |    23 ||    61
       Bread ration      |       |       |     1 |     1 |     1 ||     3
       Meat ration       |       |       |       |     1 |     2 ||     3
       Fruit             |       |       |       |     3 |     6 ||     9
Armor: Scale mail        |    69 |    13 |       |       |       ||    82
       Chain mail        |       |    95 |   129 |   128 |       ||   352
       Plate armour      |       |       |       |   157 |   387 ||   544
Dodge: Dodged            |    31 |    41 |    68 |   106 |   156 ||   402
Block: Shield            |    61 |    79 |    51 |       |       ||   191
       Large shield      |       |       |   229 |   761 |   952 ||  1942
